 Dungeon Crawl Stone Soup version 0.22.1-1-ga44c0e5 (webtiles) character file.

205800 JeffiDaFish the Metallomancer (level 18, -6/103 HPs)
             Began as a Gargoyle Earth Elementalist on Sept 28, 2018.
             Was the Champion of Sif Muna.
             Hit by a poisoned javelin thrown by a merfolk javelineer (26 damage)
             ... on level 2 of the Shoals on Oct 1, 2018.
             The game lasted 02:32:12 (45814 turns).

JeffiDaFish the Metallomancer (GrEE)               Turns: 45814, Time: 02:32:12

Health: -6/103     AC: 29    Str: 12    XL:     18   Next: 69%
Magic:  3/36       EV: 12    Int: 32    God:    Sif Muna [******]
Gold:   359        SH:  8    Dex: 13    Spells: 17/46 levels left

rFire    + + .     SeeInvis +   s - +9 flail (protect)
rCold    . . .     Gourm    .   H - +3 buckler
rNeg     + . .     Faith    .   k - +2 robe {rF+}
rPois    ∞         Spirit   .   F - +2 helmet
rElec    +         Reflect  .   x - +2 cloak
rCorr    .         Harm     .   i - +2 pair of gloves
MR       +....                  o - +2 pair of boots
Stlth    ++........             (no amulet)
HPRegen  0.27/turn              e - ring "Ritheabi" {rF+ Int+6 Dex+3}
MPRegen  0.25/turn              w - +4 ring of intelligence

@: flying, no casting
A: big wings, see invisible, negative energy resistance 1, electricity
resistance, weak 1, unbreathing, petrification resistance, rot immunity,
MP-powered wands, AC +13
}: 1/15 runes: serpentine
a: Stop Flying, Stop Divine Energy, Channel Magic, Forget Spell, Renounce
Religion


You were on level 2 of the Shoals.
You worshipped Sif Muna.
Sif Muna was exalted by your worship.
You were hungry.

You visited 7 branches of the dungeon, and saw 31 of its levels.
You visited 1 bazaar.
You also visited: Ossuary and Ice Cave.

You collected 2556 gold pieces.
You spent 2197 gold pieces at shops.

Inventory:

Hand Weapons
 s - a +9 flail of protection (weapon)
Missiles
 b - 221 stones (quivered)
Armour
 i - a +2 pair of gloves (worn)
 k - a +2 robe of fire resistance (worn)
 o - a +2 pair of boots (worn)
 x - a +2 cloak (worn)
 F - a +2 helmet (worn)
 H - a +3 buckler (worn)
Magical Staves
 A - an uncursed staff of conjuration
Jewellery
 e - the ring "Ritheabi" (left hand) {rF+ Int+6 Dex+3}
   (You bought it in a shop on level 12 of the Dungeon)

   [ring of intelligence]

   It affects your intelligence (+6).
   It affects your dexterity (+3).
   It protects you from fire.
 w - a +4 ring of intelligence (right hand)
Wands
 m - a wand of acid (31)
 p - a wand of clouds (7)
 u - a wand of digging (6)
 z - a wand of disintegration (8)
Scrolls
 f - 23 scrolls of identify
 g - 14 scrolls of teleportation
 j - 4 scrolls of amnesia
 l - 3 scrolls of fog
 q - a scroll of blinking
 r - 9 scrolls of remove curse
 y - 2 scrolls of enchant weapon
 B - 5 scrolls of magic mapping
 E - a scroll of fear
 I - a scroll of silence
Potions
 a - 3 potions of agility
 c - 13 potions of curing
 h - 2 potions of heal wounds
 n - 7 potions of brilliance
 v - 3 potions of invisibility
 C - 3 potions of haste
 D - 2 potions of magic
 G - 3 potions of ambrosia
 J - 2 potions of resistance
Comestibles
 d - 45 rations
 t - 4 chunks of flesh


   Skills:
 - Level 8.2 Fighting
 - Level 1.5 Dodging
 - Level 2.1 Stealth
 - Level 4.0 Shields
 + Level 14.5 Spellcasting
 * Level 17.6 Conjurations
   Level 0.7 Transmutations
 * Level 24.0 Earth Magic


You had 17 spell levels left.
You knew the following spells:

 Your Spells              Type           Power        Failure   Level  Hunger
a - Sandblast             Erth           ######       0%          1    None
b - Stone Arrow           Conj/Erth      ######       0%          3    None
c - Lee's Rapid Deconstr  Erth           ########..   0%          5    None
d - Iron Shot             Conj/Erth      ########..   1%          6    ###....
e - Bolt of Magma         Conj/Fire/Erth #######...   1%          5    None
f - Shatter               Erth           ########..   10%         9    #######

Your spell library contained the following spells:

 Spells                   Type           Power        Failure   Level  Hunger
 Magic Dart               Conj           ####         0%          1    None
 Searing Ray              Conj           ######       0%          2    None
 Iskenderun's Mystic Bla  Conj           #######.     0%          4    None
 Animate Skeleton         Necr           N/A          1%          1    None
 Apportation              Tloc           ###...       1%          1    None
 Beastly Appendage        Tmut           ####..       1%          1    None
 Confusing Touch          Hex            ###...       1%          1    None
 Corona                   Hex            ###....      1%          1    None
 Flame Tongue             Conj/Fire      #####        1%          1    None
 Freeze                   Ice            ###.         1%          1    None
 Shock                    Conj/Air       ####         1%          1    None
 Summon Butterflies       Summ           ###.....     1%          1    None
 Summon Small Mammal      Summ           ###.         1%          1    None
 Passwall                 Tmut/Erth      #######.     1%          2    None
 Throw Flame              Conj/Fire      ######       1%          2    None
 Throw Frost              Conj/Ice       ######       1%          2    None
 Conjure Flame            Conj/Fire      ######..     1%          3    None
 Dazzling Spray           Conj/Hex       ######       1%          3    None
 Mephitic Cloud           Conj/Pois/Air  ######..     1%          3    None
 Static Discharge         Conj/Air       ######..     1%          3    None
 Force Lance              Conj/Tloc      ######..     1%          4    None
 Fulminant Prism          Conj/Hex       ######....   1%          4    None
 Leda's Liquefaction      Hex/Erth       #######...   1%          4    None
 Petrify                  Tmut/Erth      #######.     1%          4    None
 Sticky Flame             Conj/Fire      ######..     1%          4    None
 Throw Icicle             Conj/Ice       ######..     1%          4    None
 Bolt of Draining         Conj/Necr      ######....   1%          5    None
 Fireball                 Conj/Fire      ######....   1%          5    None
 Irradiate                Conj/Tmut      ######....   1%          5    None
 Iskenderun's Battlesphe  Conj/Chrm      ######..     1%          5    None
 Lightning Bolt           Conj/Air       ######....   1%          5    None
 Venom Bolt               Conj/Pois      ######....   1%          5    None
 Orb of Destruction       Conj           #######...   1%          7    #####..
 Blink                    Tloc           N/A          3%          2    None
 Call Imp                 Summ           ###.....     3%          2    None
 Corpse Rot               Necr           N/A          3%          2    None
 Shroud of Golubria       Chrm/Tloc      ###.......   3%          2    None
 Slow                     Hex            ###.....     3%          2    None
 Ignite Poison            Fire/Tmut/Pois ###.....     5%          3    None
 Gell's Gravitas          Tloc           ###.......   6%          3    None
 Inner Flame              Hex/Fire       ###.....     6%          3    None
 Lesser Beckoning         Tloc           ###.......   6%          3    None
 Ozocubu's Armour         Chrm/Ice       ###.....     6%          3    None
 Portal Projectile        Hex/Tloc       ###...       6%          3    None
 Teleport Other           Tloc           ###.....     6%          3    None
 Tukima's Dance           Hex            ###.....     6%          3    None
 Bolt of Cold             Conj/Ice       ######....   8%          6    ###....
 Bolt of Fire             Conj/Fire      ######....   8%          6    ###....
 Conjure Ball Lightning   Conj/Air       ######....   8%          6    ###....
 Poison Arrow             Conj/Pois      ######....   8%          6    ###....
 Ice Form                 Ice/Tmut       ####....     17%         4    None
 Cause Fear               Hex            ###.......   19%         4    None
 Passage of Golubria      Tloc           N/A          19%         4    None
 Summon Ice Beast         Ice/Summ       ###.....     19%         4    None
 Summon Lightning Spire   Summ/Air       ###.....     19%         4    None
 Freezing Cloud           Conj/Ice/Air   ######....   26%         6    ###....
 Blade Hands              Tmut           ####......   36%         5    None
 Spellforged Servitor     Conj/Summ      ######....   41%         7    #####..
 Alistair's Intoxication  Tmut/Pois      ####....     43%         5    None
 Yara's Violent Unravell  Hex/Tmut       ####......   43%         5    None
 Agony                    Necr           ###.....     47%         5    None
 Dispel Undead            Necr           ###.....     47%         5    None
 Excruciating Wounds      Chrm/Necr      ###.......   47%         5    None
 Metabolic Englaciation   Hex/Ice        ###.......   47%         5    None
 Summon Demon             Summ           ###.......   47%         5    None
 Hydra Form               Tmut           ####......   91%         6    ###....
 Ozocubu's Refrigeration  Ice            ###.......   96%         6    ###....
 Simulacrum               Ice/Necr       ###.......   96%         6    ###....
 Malign Gateway           Summ/Tloc      ###.......   100%        7    #####..
 Monstrous Menagerie      Summ           ###.......   100%        7    #####..
 Ring of Flames           Chrm/Fire      ###.......   100%        7    #####..
 Ignition                 Fire           ###.......   100%        8    ######.
 Necromutation            Tmut/Necr      ####......   100%        8    ######.
 Tornado                  Air            ###.......   100%        9    #######
 Sublimation of Blood     Necr           Unusable     N/A         2    N/A

Dungeon Overview and Level Annotations

Branches:
Dungeon (15/15)            Temple (1/1) D:5            Lair (6/6) D:11
 Shoals (2/4) Lair:4        Snake (4/4) Lair:2        Slime (0/5) Lair:6
    Orc (2/2) D:9             Elf (1/3) Orc:2        Vaults (0/5) D:13
 Depths (0/5) D:15

Altars:
Cheibriados
Dithmenos
Elyvilon
Gozag
Hepliaklqana
Kikubaaqudgha
Makhleb
Nemelex Xobeh
Okawaru
Qazlal
Ru
Sif Muna
Trog
Vehumet
Xom
Zin
The Shining One
Beogh

Shops:
D:5 }   D:12 =   Orc:1 (   Orc:2 *(?*   Snake:4 :

Annotations:
Lair:2 2 runed doors, mountaindew91's ghost, journeyman MiFi
Shoals:1 exclusion: oklob plant
Snake:2 2 transporters


Innate Abilities, Weirdness & Mutations

You are resistant to torment.
Your stone body is resilient. (AC +13)
You are immune to poison.
Your large and strong wings let you fly indefinitely.
You resist negative energy. (rN+)
You are resistant to electric shocks. (rElec)
You can survive without breathing.
You are immune to petrification.
You are immune to rotting.
You have supernaturally acute eyesight. (SInv)
You are weak. (Str -2)
You expend magic power (3 MP) to strengthen your wands.


Message History

Sif Muna accepts your kill.
The merfolk hits you from afar with a trident!
* * * LOW HITPOINT WARNING * * *
You block the merfolk javelineer's attack.
The merfolk closely misses you.
The merfolk javelineer closely misses you.
The merfolk javelineer throws a poisoned javelin.
The poisoned javelin hits you!
* * * LOW HITPOINT WARNING * * *
The merfolk closely misses you.
You feel much better.
The merfolk javelineer throws a poisoned javelin.
The poisoned javelin barely misses you.
You hear a splash.
The merfolk hits you from afar with a trident!
* * * LOW HITPOINT WARNING * * *
The merfolk misses you.
The merfolk javelineer throws a poisoned javelin.
The poisoned javelin hits you!!
You die...

≈≈≈..≈... ..≈≈
≈.......# ..#......
.......# #.......#
..†...## #......##
#...#.##).......
##....#).........
..<(((())).......
#....(....))m.%......≈
#.......≈≈≈)m@..≈≈...≈
.......≈≈≈≈≈≈≈≈≈≈≈....
.......≈≈≈≈≈≈≈≈≈≈≈.≈..
..#..[≈≈≈≈≈≈≈≈≈≈≈≈(≈..
≈.....≈≈≈≈≈≈≈≈≈≈≈≈≈...
≈≈≈≈≈≈≈≈≈≈≈≈≈≈≈≈≈≈≈..
≈≈≈≈≈≈≈≈≈≈≈≈≈≈≈≈≈
≈≈≈≈≈≈≈≈≈≈≈≈≈≈≈≈≈
≈≈≈≈≈≈≈≈≈≈≈≈≈≈≈≈≈


You could see a merfolk javelineer and a merfolk.

Vanquished Creatures
  Rupert (D:14)
  8 nagarajas (Snake:4)
  An orc warlord (Orc:1)
  A ghoul (D:12)
  A dire elephant (D:15)
  A deep elf demonologist (Elf:1)
  Azrael (Elf:1)
  A deep elf annihilator (Elf:1)
  A merfolk javelineer (Shoals:1)
  2 merfolk impalers (Shoals:1)
  4 vault guards (D:13)
  16 naga warriors
  9 hydras
  2 catoblepae
  4 anacondas
  2 merfolk aquamancers (Shoals:1)
  2 merfolk avatars
  A satyr (Shoals:2)
  15 two-headed ogres
  6 centaur warriors
  3 ogre magi
  5 dancing weapons (Elf:1)
  6 naga sharpshooters
  9 shock serpents
  3 death yaks (D:11)
  An orc high priest (Orc:2)
  Sonja (D:12)
  4 deep elf knights (Elf:1)
  3 salamander mystics
  4 skeletal warriors (D:13)
  3 sea snakes (Shoals:1)
  2 unseen horrors
  2 deep trolls (Orc:2)
  4 naga ritualists (Snake:4)
  5 deep elf archers (Elf:1)
  A wizard (D:14)
  7 harpies
  A wolf spider (D:15)
  5 mana vipers
  An orc sorcerer (Orc:2)
  10 ugly things
  3 oklob plants (Lair:3)
  3 fauns (Shoals:2)
  A faun (shapeshifter) (D:13)
  29 deep elf magi
  6 manticores
  3 merfolk sirens
  2 water nymphs (Shoals:1)
  7 cyclopes
  2 ice statues (IceCv)
  4 salamanders
  8 spiny frogs
  13 naga magi
  27 black mambas
  A torpor snail (Lair:6)
  9 guardian serpents
  2 kobold demonologists (D:14)
  A rime drake (Lair:6)
  An efreet (D:13)
  A freezing wraith (D:14)
  2 tengu conjurers
  6 komodo dragons
  A guardian mummy (D:13)
  13 trolls
  5 hornets (Lair:6)
  14 merfolk
  5 polar bears
  14 blink frogs
  A snapping turtle (Shoals:1)
  11 slime creatures
  4 dream sheep (Shoals:1)
  A wind drake (Shoals:1)
  A raiju (shapeshifter) (D:8)
  A meliai zombie (D:13)
  18 hippogriffs
  12 spriggans (Lair:6)
  6 water elementals
  A shadow (D:15)
  2 air elementals (Elf:1)
  6 wyverns
  3 vampires
  2 fire elementals (Elf:1)
  A wraith (D:15)
  A human (shapeshifter) (D:15)
  3 hungry ghosts
  28 yaks
  A basilisk (Lair:5)
  4 vampire mosquitoes (D:12)
  Edmund (D:6)
  3 wargs (Orc:1)
  46 nagas
  2 soldier ants (D:13)
  A swamp worm (shapeshifter) (Elf:1)
  3 acid dragons
  15 water moccasins
  11 porcupines
  4 hell hounds (Elf:1)
  A hornet zombie (D:13)
  26 orc warriors
  4 black bears
  10 ice beasts
  2 sky beasts
  3 phantoms
  34 ogres
  4 boggarts (Lair:6)
  A necrophage (D:9)
  32 wolves
  28 centaurs
  9 crocodiles
  5 big kobolds
  A gnoll sergeant (D:8)
  12 bullfrogs
  2 earth elementals (Elf:1)
  4 scorpions
  A wyvern skeleton (D:10)
  6 killer bees
  A troll zombie (D:9)
  An electric eel (Lair:4)
  12 wights
  4 howler monkeys
  7 crimson imps
  5 centaur zombies
  7 bullfrog zombies
  18 jellies
  26 orc wizards
  3 bullfrog skeletons
  6 human zombies (D:9)
  5 gnoll shamans (D:7)
  7 hounds
  15 orc priests
  7 centaur skeletons
  An iron imp (D:9)
  2 iguanas (D:4)
  Natasha (thrice) (D:2)
  16 worker ants
  7 hell rats
  2 hound zombies
  A hound skeleton (D:5)
  13 mummies
  Robin (D:2)
  A worker ant zombie (D:5)
  A howler monkey skeleton (D:4)
  15 gnolls
  4 river rats (Lair:4)
  11 adders
  4 shadow imps
  2 oozes
  An adder zombie (D:8)
  3 worms
  2 leopard geckos
  74 orcs
  5 ball pythons
  9 giant cockroaches
  2 gnoll zombies (Ossuary)
  15 goblins
  17 hobgoblins
  16 jackals
  17 kobolds
  2 quokkas
  8 bats
  5 frilled lizards
  4 hobgoblin zombies (Ossuary)
  2 kobold zombies (Ossuary)
  2 quokka skeletons
  12 rats
  A butterfly (Lair:1)
  A fungus (Lair:4)
  6 plants
  2 withered plants (D:13)
1134 creatures vanquished.

Vanquished Creatures (others)
  A jelly (D:8)
  An adder (Lair:2)
  10 fungi
  4 plants
  2 withered plants (D:13)
18 creatures vanquished.

Grand Total: 1152 creatures vanquished

Notes
Turn   | Place    | Note
-------+----------+-------------------------------------------
     0 | D:1      | JeffiDaFish the Gargoyle Earth Elementalist began the quest
                  | for the Orb.
     0 | D:1      | Reached XP level 1. HP: 10/10 MP: 3/3
    57 | D:1      | Reached skill level 4 in Earth Magic
   154 | D:1      | Reached XP level 2. HP: 15/15 MP: 1/5
   405 | D:1      | Found a sparkling altar of Nemelex Xobeh.
   729 | D:2      | Reached XP level 3. HP: 19/19 MP: 4/6
   816 | D:2      | Learned a level 3 spell: Stone Arrow
   972 | D:2      | Reached skill level 5 in Earth Magic
  1047 | D:2      | Reached XP level 4. HP: 22/24 MP: 0/8
  1102 | D:2      | Noticed Robin
  1180 | D:2      | Killed Robin
  1616 | D:2      | Noticed Natasha
  1620 | D:2      | Killed Natasha
  1620 | D:2      | Reached skill level 6 in Earth Magic
  1620 | D:2      | Reached XP level 5. HP: 28/28 MP: 5/9
  1622 | D:2      | Noticed Natasha
  1632 | D:2      | Killed Natasha
  2011 | D:2      | Noticed Natasha
  2017 | D:2      | Killed Natasha
  2270 | D:3      | Found a burning altar of Makhleb.
  2275 | D:3      | Found a glowing silver altar of Zin.
  2275 | D:3      | Noticed an angel
  2276 | D:3      | Noticed a blizzard demon
  2708 | D:3      | Reached XP level 6. HP: 32/32 MP: 4/11
  3001 | D:4      | Found a shimmering altar of Xom.
  3016 | D:4      | Reached skill level 7 in Earth Magic
  3166 | D:4      | Reached XP level 7. HP: 36/36 MP: 1/13
  3176 | D:4      | Learned a level 5 spell: Lee's Rapid Deconstruction
  3250 | D:4      | Reached skill level 8 in Earth Magic
  3950 | D:5      | Entered Level 5 of the Dungeon
  4065 | D:5      | Found Utuuh's Gadget Shoppe.
  4074 | D:5      | Reached skill level 9 in Earth Magic
  4261 | D:5      | Reached skill level 5 in Spellcasting
  4261 | D:5      | Reached XP level 8. HP: 24/41 MP: 10/15
  4760 | D:5      | Found a staircase to the Ecumenical Temple.
  4766 | Temple   | Entered the Ecumenical Temple
  4894 | Temple   | Became a worshipper of Sif Muna the Loreminder
  4915 | D:5      | Reached skill level 10 in Earth Magic
  5544 | D:6      | Noticed Edmund
  5551 | D:6      | Killed Edmund
  5574 | D:6      | Reached * piety under Sif Muna
  5574 | D:6      | Reached skill level 11 in Earth Magic
  6479 | D:6      | Identified the cursed +1 leather armour of Elesykh {*Contam
                  | rPois rC++ rN+} (You found it on level 6 of the Dungeon)
  6517 | D:7      | Reached XP level 9. HP: 45/45 MP: 7/18
  6669 | D:7      | Found a sand-covered staircase.
  6676 | Ossuary  | Entered an ossuary
  7269 | Ossuary  | Gained mutation: You are weak. (Str -2) [potion of
                  | mutation]
  7269 | Ossuary  | Gained mutation: You expend magic power (3 MP) to
                  | strengthen your wands. [potion of mutation]
  7269 | Ossuary  | Gained mutation: You have supernaturally acute eyesight.
                  | (SInv) [potion of mutation]
  7316 | D:7      | Reached ** piety under Sif Muna
  7361 | D:7      | Reached skill level 12 in Earth Magic
  7872 | D:7      | Reached skill level 13 in Earth Magic
  8059 | D:7      | Reached *** piety under Sif Muna
  8200 | D:7      | Reached XP level 10. HP: 20/50 MP: 15/21
  8800 | D:8      | Found a radiant altar of Vehumet.
  8880 | D:8      | Identified the +2 leather armour "Uklestroech" {*Slow rF-
                  | Str+4 Dex+9} (You took it off a vampire on level 8 of the
                  | Dungeon)
  8885 | D:8      | Noticed a two-headed ogre
  8893 | D:8      | Killed a two-headed ogre
  8893 | D:8      | Reached **** piety under Sif Muna
  8893 | D:8      | Reached skill level 14 in Earth Magic
  9020 | D:8      | Noticed a fire crab
  9623 | D:8      | Noticed a deep elf mage
  9627 | D:8      | Killed a deep elf mage
  9627 | D:8      | Reached skill level 15 in Earth Magic
  9636 | D:8      | Got a pitted rapier {holy}
  9639 | D:8      | Identified the +1 rapier of Wu Jian {holy, rC- rN++ Stlth+}
                  | (You took it off a deep elf mage on level 8 of the Dungeon)
 10095 | D:9      | Found a stormy altar of Qazlal.
 10320 | D:9      | Reached ***** piety under Sif Muna
 10320 | D:9      | Reached XP level 11. HP: 48/54 MP: 6/23
 10358 | D:9      | Received a gift from Sif Muna
 10360 | D:9      | Noticed a two-headed ogre
 10363 | D:9      | Killed a two-headed ogre
 10775 | D:9      | Found a staircase to the Orcish Mines.
 10876 | D:9      | Found a snail-covered altar of Cheibriados.
 11231 | D:9      | Reached skill level 16 in Earth Magic
 11244 | D:9      | Found an ancient bone altar of Kikubaaqudgha.
 11352 | D:10     | Entered Level 10 of the Dungeon
 11357 | D:10     | Noticed an unseen horror
 11366 | D:10     | Killed an unseen horror
 11366 | D:10     | Reached skill level 1 in Conjurations
 11617 | D:10     | Noticed a centaur warrior
 11624 | D:10     | HP: 1/54 [centaur warrior/arrow (11)]
 11625 | D:10     | Killed a centaur warrior
 11625 | D:10     | Reached skill level 1 in Fighting
 12619 | D:11     | Noticed a red ugly thing
 12625 | D:11     | Killed a red ugly thing
 12926 | D:11     | Found a staircase to the Lair.
 12928 | D:11     | Noticed a death yak
 12929 | D:11     | Noticed a death yak
 12929 | D:11     | Noticed a death yak
 12942 | D:11     | Killed a death yak
 12942 | D:11     | Identified Sif Muna's Grimoire of Shape Shifting (Sif Muna
                  | gifted it to you on level 11 of the Dungeon)
 12942 | D:11     | Received a gift from Sif Muna
 12943 | D:11     | Killed a death yak
 12943 | D:11     | Reached skill level 10 in Spellcasting
 12943 | D:11     | Reached skill level 17 in Earth Magic
 12943 | D:11     | Reached XP level 12. HP: 38/64 MP: 0/26
 13609 | D:11     | Killed a death yak
 14211 | Lair:1   | Entered Level 1 of the Lair of Beasts
 14497 | Lair:1   | Noticed a seven-headed hydra
 14504 | Lair:1   | Killed a seven-headed hydra
 14584 | Lair:1   | Reached skill level 5 in Conjurations
 15219 | Lair:1   | Found the fabulously ornate robe
 15295 | Lair:1   | Got a fabulously ornate robe
 15296 | Lair:1   | Identified the cursed -5 robe of Misfortune {-Cast *Contam
                  | *Tele *Drain EV-5 Stlth-- *Curse} (You found it on level 1
                  | of the Lair of Beasts)
 15435 | Lair:2   | Reached skill level 5 in Fighting
 15591 | Lair:2   | Found a staircase to the Snake Pit.
 15676 | Lair:2   | Found a large runed door.
 15677 | Lair:2   | Found a large runed door.
 15678 | Lair:2   | Noticed mountaindew91's ghost (journeyman MiFi)
 15815 | Lair:2   | Reached skill level 18 in Earth Magic
 16638 | Lair:3   | Reached XP level 13. HP: 74/74 MP: 20/27
 17020 | Lair:3   | Received a gift from Sif Muna
 17039 | Lair:3   | Learned a level 6 spell: Iron Shot
 17045 | Lair:3   | Learned a level 5 spell: Bolt of Magma
 18023 | Lair:4   | Got a coiled lead ring
 18038 | Lair:4   | Identified the ring "Newi" {*Drain +Blink rElec AC+5 Dex-4}
                  | (You found it on level 4 of the Lair of Beasts)
 19007 | Lair:4   | Found a staircase to the Shoals.
 20660 | Lair:6   | Entered Level 6 of the Lair of Beasts
 20673 | Lair:6   | Reached skill level 19 in Earth Magic
 20960 | Lair:6   | Received a gift from Sif Muna
 21199 | Lair:6   | Found a frozen archway.
 21217 | Lair:6   | Gained mutation: Your large and strong wings let you fly
                  | indefinitely. [Gargoyle growth]
 21217 | Lair:6   | Reached XP level 14. HP: 30/83 MP: 0/29
 21305 | IceCv    | Entered an ice cave
 21317 | IceCv    | Found a transporter.
 21599 | IceCv    | Found a transporter.
 23084 | Lair:6   | Reached skill level 10 in Conjurations
 23183 | Lair:6   | Reached skill level 1 in Shields
 23551 | Lair:6   | Found a staircase to the Slime Pits.
 24672 | D:12     | Found Ylumanon's Jewellery Shop.
 24679 | D:12     | Bought the ring "Ritheabi" {rF+ Int+6 Dex+3} for 1339 gold
                  | pieces
 24709 | D:12     | Noticed Sonja
 24711 | D:12     | Killed Sonja
 24714 | D:12     | Received a gift from Sif Muna
 24756 | D:12     | Learned a level 9 spell: Shatter
 25061 | D:13     | Noticed a ghoul
 25215 | D:12     | Killed a ghoul
 25421 | D:13     | Reached skill level 20 in Earth Magic
 26492 | D:13     | Reached XP level 15. HP: 88/88 MP: 20/31
 27139 | D:13     | Identified Sif Muna's Collected Works on Captivating
                  | Companions (Sif Muna gifted it to you on level 13 of the
                  | Dungeon)
 27139 | D:13     | Received a gift from Sif Muna
 27647 | D:13     | Found a gate to the Vaults.
 28700 | D:14     | Noticed Rupert
 28714 | D:14     | Killed Rupert
 29469 | D:15     | Entered Level 15 of the Dungeon
 29783 | D:15     | Reached skill level 21 in Earth Magic
 30279 | D:15     | Found a staircase to the Depths.
 30373 | D:15     | Reached ****** piety under Sif Muna
 30665 | D:15     | Received a gift from Sif Muna
 31105 | Orc:1    | Entered Level 1 of the Orcish Mines
 31159 | Orc:1    | Found Fem Obesch's Antique Weapon Emporium.
 31299 | Orc:2    | Entered Level 2 of the Orcish Mines
 31299 | Orc:2    | Noticed an orc warlord
 31361 | Orc:2    | Reached XP level 16. HP: 81/93 MP: 24/32
 31491 | Orc:1    | Found a roughly hewn altar of Beogh.
 32429 | Orc:2    | Found a staircase to the Elven Halls.
 33078 | Orc:2    | Found Longuak's Weapon Boutique.
 33084 | Orc:2    | Found Hootiquf's Assorted Antiques.
 33093 | Orc:2    | Found Watech's Assorted Antiques.
 33236 | Orc:2    | Bought a scroll of identify for 58 gold pieces
 33236 | Orc:2    | Bought a scroll of blinking for 217 gold pieces
 33236 | Orc:2    | Bought a scroll of identify for 58 gold pieces
 33236 | Orc:2    | Bought a potion of heal wounds for 145 gold pieces
 33238 | Orc:2    | Found Menwi's Magic Scroll Boutique.
 33242 | Orc:2    | Bought a scroll of identify for 50 gold pieces
 33242 | Orc:2    | Bought a potion of curing for 75 gold pieces
 33242 | Orc:2    | Bought a scroll of identify for 50 gold pieces
 33242 | Orc:2    | Bought a scroll labeled PODETE TITUKLI for 25 gold pieces
 33448 | Orc:2    | Found a gateway to a bazaar.
 33664 | Bazaar   | Entered a bazaar
 33664 | Bazaar   | Found Cejit's Jewellery Emporium.
 33664 | Bazaar   | Found Lysioppi's Antique Weapon Shoppe.
 33664 | Bazaar   | Found Nouduo's Distillery.
 33666 | Bazaar   | Found Foupucw's Antique Weapon Shoppe.
 33683 | Bazaar   | Bought 2 potions of heal wounds for 100 gold pieces
 33683 | Bazaar   | Bought a potion of heal wounds for 50 gold pieces
 33683 | Bazaar   | Bought a potion of curing for 30 gold pieces
 33779 | Orc:2    | Found a roughly hewn altar of Beogh.
 34003 | Snake:1  | Entered Level 1 of the Snake Pit
 34721 | Snake:1  | Identified Poxtua Buoti's Compendium of Confrontation (Sif
                  | Muna gifted it to you on level 1 of the Snake Pit)
 34721 | Snake:1  | Received a gift from Sif Muna
 35474 | Snake:2  | Reached skill level 22 in Earth Magic
 35494 | Snake:2  | Found Zinawifa's Distillery.
 35874 | Snake:2  | Found a transporter.
 36019 | Snake:2  | Found a transporter.
 36900 | Snake:3  | Reached skill level 15 in Conjurations
 37481 | Snake:4  | Entered Level 4 of the Snake Pit
 37485 | Snake:4  | Reached XP level 17. HP: 97/97 MP: 27/34
 37671 | Snake:4  | Found Bibischuh's Book Shop.
 37706 | Snake:4  | Identified Sif Muna's Disquisition on Blows and Bruises
                  | (Sif Muna gifted it to you on level 4 of the Snake Pit)
 37706 | Snake:4  | Received a gift from Sif Muna
 39196 | Snake:4  | Identified a scroll of acquirement
 39197 | Snake:4  | Got a heavily runed buckler
 39208 | Snake:4  | Identified the +1 buckler "Moixaoc" {rF+ rC+ Dex-4} (You
                  | acquired it on level 4 of the Snake Pit)
 39419 | Snake:4  | Identified Sif Muna's Almanac of Feathers and Earth (Sif
                  | Muna gifted it to you on level 4 of the Snake Pit)
 39419 | Snake:4  | Received a gift from Sif Muna
 39435 | Snake:4  | Got a serpentine rune of Zot
 39570 | Snake:4  | Reached skill level 23 in Earth Magic
 41041 | Shoals:1 | Entered Level 1 of the Shoals
 41095 | Shoals:1 | Found a white marble altar of Elyvilon.
 41695 | Elf:1    | Entered Level 1 of the Elven Halls
 41921 | Elf:1    | Noticed Azrael
 41926 | Elf:1    | Killed Azrael
 41930 | Elf:1    | Reached XP level 18. HP: 87/103 MP: 4/36
 42724 | Elf:1    | Identified Sif Muna's Incunabulum of Shifting Air (Sif Muna
                  | gifted it to you on level 1 of the Elven Halls)
 42724 | Elf:1    | Received a gift from Sif Muna
 42948 | Elf:1    | Identified the Handbook of Calling
 43905 | Shoals:1 | HP: 3/103 [merfolk/trident (11)]
 45780 | Shoals:2 | Reached skill level 24 in Earth Magic
 45811 | Shoals:2 | HP: 5/103 [merfolk javelineer/poisoned javelin (9)]
 45814 | Shoals:2 | Hit by a poisoned javelin thrown by a merfolk javelineer

Skill      XL: |  1  2  3  4  5  6  7  8  9 10 11 12 13 14 15 16 17 18 |
---------------+-------------------------------------------------------+-----
Earth Magic    | 4 5 6 7 9 11 13 15 17 18 19 20 21 22 23 24 | 24.0
Spellcasting   | 3 4 5 6 7 8 10 11 12 13 14 | 14.5
Conjurations   | 3 6 9 11 13 15 16 17 | 17.6
Fighting       | 3 5 7 8 |  8.2
Shields        | 3 4 |  4.0
Dodging        | |  1.5
Stealth        | |  2.1
Transmutations | |  0.7

Action                   |  1- 3 |  4- 6 |  7- 9 | 10-12 | 13-15 | 16-18 || total
-------------------------+-------+-------+-------+-------+-------+-------++-------
Melee: Dagger            |    60 |    85 |    30 |       |       |       ||   175
       Flail             |       |       |    25 |   194 |   328 |   226 ||   773
 Cast: Sandblast         |    36 |    46 |    74 |   135 |    99 |   218 ||   608
       Stone Arrow       |     2 |    20 |    70 |   101 |    58 |   104 ||   355
       Lee's Rapid Decon |       |       |    16 |    82 |   171 |   115 ||   384
       Iron Shot         |       |       |       |       |   121 |   136 ||   257
       Bolt of Magma     |       |       |       |       |    63 |    84 ||   147
       Shatter           |       |       |       |       |       |     3 ||     3
Invok: Divine Energy     |       |       |     1 |       |       |       ||     1
       Channel Magic     |       |       |       |       |       |     1 ||     1
 Abil: Fly               |       |       |       |       |     1 |       ||     1
Evoke: Wand              |       |       |       |     1 |       |     1 ||     2
  Use: Scroll            |     4 |     2 |     8 |    12 |    21 |    15 ||    62
       Potion            |     1 |     3 |     5 |     3 |     2 |     6 ||    20
 Stab: Sleeping          |     1 |       |     2 |     5 |       |       ||     8
  Eat: Chunk             |     1 |     9 |    23 |    37 |    72 |    42 ||   184
       Ration            |       |       |       |     2 |     9 |     7 ||    18
Armor: Robe              |    25 |    38 |    24 |   154 |   412 |   369 ||  1022
Dodge: Dodged            |    58 |    79 |    51 |   203 |   395 |   296 ||  1082
Block: Buckler           |       |       |       |       |    87 |   282 ||   369
